 Dungeon Crawl Stone Soup version 0.30-a0-474-g5673dd7ce6 (webtiles) character file.

Game seed: 4141578858743542060

425 Bnni the Conjurer (level 6, -10/47 (51) HPs)
             Began as a Draconian Conjurer on Dec 20, 2022.
             Mangled by a gnoll
             ... wielding a +2 flail of draining
              (11 damage)
             ... on level 4 of the Dungeon.
             The game lasted 00:08:26 (3990 turns).

Bnni the Conjurer (Draconian Conjurer)              Turns: 3990, Time: 00:08:26

HP:   -10/47 (51)   AC:  7    Str: 10    XL:     6   Next: 64%
MP:   10/10         EV: 12    Int: 20    God:
Gold: 192           SH:  0    Dex:  9    Spells: 4/11 levels left

rFire   . . .      SeeInvis .    s - +4 quarterstaff (chaos)
rCold   . . .      Faith    .    (shield currently unavailable)
rNeg    + . .      Spirit   .    (body armour unavailable)
rPois   .          Reflect  .    (helmet restricted)
rElec   .          Harm     .    h - +0 cloak
rCorr   .          Rampage  .    (no gloves)
Will    .....                    (no boots)
Stlth   ++........               (no amulet)
HPRegen 0.27/turn                e - ring of positive energy
MPRegen 0.12/turn                (no ring)

@: about to teleport, drained
A: AC +6, unfitting armour, cold-blooded
a: no special abilities


You were on level 4 of the Dungeon.
You visited 1 branch of the dungeon, and saw 5 of its levels.

You collected 192 gold pieces.

Inventory:

Hand Weapons
 i - a +0 whip
 l - a +0 trident
 s - a +4 quarterstaff of chaos (weapon)
Missiles
 w - 6 poisoned darts
Armour
 h - a +0 cloak (worn)
Jewellery
 b - a +4 ring of protection
 e - a ring of positive energy (left hand)
Wands
 u - a wand of iceblast (3)
Scrolls
 f - a scroll of blinking {unknown}
 g - 3 scrolls of teleportation
 j - 2 scrolls of amnesia {unknown}
 m - 2 scrolls of summoning {unknown}
 n - a scroll of immolation
 o - 2 scrolls of enchant armour {unknown}
 q - a scroll of silence {unknown}
 t - a scroll of noise {unknown}
 v - a scroll of magic mapping {unknown}
 x - a scroll of identify
Potions
 a - a potion of magic
 c - 2 potions of brilliance
 d - 3 potions of curing
 k - 2 potions of attraction
 p - a potion of mutation


   Skills:
 + Level 3.0 Fighting
 - Level 1.7 Dodging
 - Level 1.7 Stealth
 + Level 3.3 Spellcasting
 * Level 5.8 Conjurations
 * Level 2.8 Hexes


You had 4 spell levels left.
You knew the following spells:

 Your Spells              Type           Power      Damage    Failure   Level
a - Magic Dart            Conj           100%       1d8       1%          1
b - Searing Ray           Conj           52%        2d6       1%          2
c - Fulminant Prism       Conj/Hex       10%        3d8       22%         4

Your spell library contained the following spells:

 Spells                   Type           Power      Damage    Failure   Level
 Dazzling Flash           Conj/Hex       40%        N/A       7%          3
 Ensorcelled Hibernation  Hex/Ice        18%        N/A       12%         2
 Spider Form              Tmut/Pois      3%         N/A       38%         3
 Iskenderun's Mystic Bla  Conj/Tloc      15%        2d5       38%         4
 Anguish                  Hex/Necr       4%         N/A       58%         4


Dungeon Overview and Level Annotations

Branches:
Dungeon (5/15)
 Temple: D:4-7

Altars:
Trog
Yredelemnul

Shops:
D:2 *

Annotations:
D:4 bosakos's ghost, amateur MiBe


Innate Abilities, Weirdness & Mutations

Your plain brown scales are hard. (AC +6)
You cannot fit into any form of body armour.
You are cold-blooded and may be slowed by cold attacks.


Message History

You climb downwards.
Level annotation: bosakos's ghost, amateur MiBe
There is a stone staircase leading up here.
There is an open translucent gate here.
You now have 192 gold pieces (gained 7).
There is an open translucent gate here.
There is a stone staircase leading down here.
You climb downwards.
The gnoll shouts! x5; You hear a shout!
The gnoll shouts!
Found an escape hatch in the ceiling.
There is a stone staircase leading up here.
The gnoll hits you with a +2 flail of draining!
You partially resist.
You feel drained. The gnoll closely misses you. x2
You climb upwards.
Level annotation: bosakos's ghost, amateur MiBe
There is a stone staircase leading down here.
The gnoll attacks as you move away!
The gnoll hits you with a +2 flail of draining!
You partially resist.
You feel drained. The gnoll attacks as you move away!
The gnoll hits you with a +0 spear. The gnoll misses you.
The gnoll hits you but does no damage.
You completely miss the gnoll. The gnoll hits you with a +0 halberd!
The gnoll hits you but does no damage.
The gnoll hits you with a +2 flail of draining.
You partially resist.
You feel drained.
You barely miss the gnoll. The gnoll barely misses you.
The gnoll hits you but does no damage.
The gnoll hits you with a +2 flail of draining!
* * * LOW HITPOINT WARNING * * *
You partially resist.
You feel drained.
* * * LOW HITPOINT WARNING * * *
Unknown command.
As you read the scroll labelled BEUPIU GYAQEI, it crumbles to dust.
You feel strangely unstable.
It was a scroll of teleportation.
The gnoll hits you with a +0 halberd.
* * * LOW HITPOINT WARNING * * *
The gnoll hits you from afar with a +0 spear.
* * * LOW HITPOINT WARNING * * *
The gnoll hits you with a +2 flail of draining!
You die...

#.#..#.# ####.........#
#.#.##.# #............#
....##.### ###.##.........#
.........####...#..........#
#.#####...##..##..##########
#.## #.)....###.##
#)W#####.##.......#
##....รท......###..###
#######...##.##.@g..####
................g......#
#................g.#####
...................#
........###'''###..#
........#.......#..#
........#.......#..#
........#.......#..#
........#.......#..###


You could see 3 gnolls.

Vanquished Creatures
  An ogre (D:3)
  A phantom (D:4)
  A scorpion (D:4)
  An orc priest (D:3)
  Crazy Yiuf (D:2)
  An iguana (D:4)
  4 adders
  2 worms
  7 orcs
  4 endoplasms
  2 giant cockroaches (D:3)
  12 goblins
  9 hobgoblins
  2 jackals (D:1)
  3 quokkas
  7 ball pythons
  6 bats
  2 frilled lizards
  8 kobolds
  3 rats
77 creatures vanquished.

Vanquished Creatures (others)
  A goblin zombie (D:3)
  A fungus (D:2)
2 creatures vanquished.

Grand Total: 79 creatures vanquished

Notes
Turn   | Place    | Note
-------+----------+-------------------------------------------
     0 | D:1      | Bnni the Draconian Conjurer began the quest for the Orb.
     0 | D:1      | Reached XP level 1. HP: 14/14 MP: 3/3
     6 | D:1      | Noticed a minotaur skeleton
     9 | D:1      | Noticed a minotaur skeleton
   165 | D:1      | Reached XP level 2. HP: 7/22 MP: 0/5
   223 | D:1      | Learned a level 2 spell: Searing Ray
   510 | D:1      | Reached skill level 1 in Fighting
  1210 | D:2      | Reached XP level 3. HP: 24/28 MP: 2/6
  1685 | D:2      | Found Onuelulut's Assorted Antiques.
  2029 | D:2      | Found a runed translucent door.
  2030 | D:2      | Noticed Crazy Yiuf
  2036 | D:2      | Killed Crazy Yiuf
  2037 | D:2      | Reached XP level 4. HP: 29/36 MP: 2/7
  2209 | D:3      | Reached skill level 1 in Hexes
  2279 | D:3      | Learned a level 4 spell: Fulminant Prism
  2329 | D:3      | Reached skill level 5 in Conjurations
  2440 | D:3      | Found a basalt altar of Yredelemnul.
  2448 | D:3      | Reached XP level 5. HP: 41/41 MP: 9/9
  2453 | D:3      | Noticed an ogre
  2460 | D:3      | Killed an ogre
  3155 | D:4      | Found a bloodstained altar of Trog.
  3197 | D:4      | Noticed a phantom
  3208 | D:4      | Killed a phantom
  3209 | D:4      | Reached XP level 6. HP: 39/50 MP: 10/10
  3289 | D:4      | Found a runed translucent gate.
  3289 | D:4      | Found a runed translucent gate.
  3290 | D:4      | Found a runed translucent gate.
  3292 | D:4      | Noticed bosakos's ghost (amateur MiBe)
  3713 | D:4      | HP: 1/51 [bosakos's ghost (12)]
  3984 | D:5      | Entered Level 5 of the Dungeon
  3990 | D:4      | HP: 1/47 [gnoll/+0 spear (5)]
  3990 | D:4      | Mangled by a gnoll

Illustrated notes

Levels and vault maps discovered:
D:1:      shiori_arrival_whats_in_store_for_you, layout_loops_ring,
          minmay_crystal_water
D:2:      minmay_wonky_spiral, layout_rooms, serial_glass, glass_columns_a,
          glass_columns_a, serial_shops, nicolae_shop_waterfront,
          uniq_crazy_yiuf_cottage
D:3:      layout_basic, yredelemnul_altar_generic
D:4:      layout_rooms, trog_butcher_becter, gammafunk_ghost_split
D:5:      layout_loops_ring, temple_pool_b

Skill      XL: |  1  2  3  4  5  6 |
---------------+-------------------+-----
Fighting       | 1 2 3 |  3.0
Hexes          | 1 2 |  2.8
Conjurations   | 5 |  5.8
Spellcasting   | 3 |  3.3
Dodging        | |  1.7
Stealth        | |  1.7

Action                   |  1- 3 |  4- 6 || total
-------------------------+-------+-------++-------
Melee: Unarmed           |    59 |       ||    59
       Tailslap          |     7 |    10 ||    17
       Punch             |     2 |       ||     2
       Whip              |     3 |       ||     3
       Trident           |    24 |       ||    24
       Quarterstaff      |       |    97 ||    97
 Cast: Magic Dart        |    59 |     1 ||    60
       Searing Ray       |     3 |     6 ||     9
  Use: Scroll            |       |     8 ||     8
       Potion            |       |     1 ||     1
 Stab: Sleeping          |     4 |     5 ||     9
Armor: Skin              |    33 |    40 ||    73
Dodge: Dodged            |    59 |    59 ||   118

Table legend: (Time is in decaauts)
 A = Elapsed time spent in this place.
 B = Non-inter-level travel time spent in this place.
 C = Inter-level travel time spent in this place.
 D = Time resting spent in this place.
 E = Time spent auto-exploring this place.
 F = Levels seen in this place.
 G = Mean time per level.
                   A        B        C        D        E       F      G
               +--------+--------+--------+--------+--------+-----+--------+
         Total |   4009 |   3752 |    257 |    380 |   2677 |   5 |  801.8 |
       Dungeon |   4009 |   3752 |    257 |    380 |   2677 |   5 |  801.8 |
               +--------+--------+--------+--------+--------+-----+--------+

Top non-repeatable levels by time:
     D:1: 1204 daAuts
     D:3: 1200 daAuts
     D:2: 930 daAuts
     D:4: 672 daAuts
     D:5: 1 daAuts
